 Dungeon Sprint DCSS version 0.31-a0-18-gea43df2a32 (webtiles) character file.

Game seed: 8999505220200834605

291 sircluck the Grappler (level 6, -3/100 HPs)
             Began as a Troll Berserker on May 11, 2023.
             Was an Elder of Trog.
             Slain by a fire elemental (10 damage)
             ... summoned by a deep elf pyromancer
             ... in the Dungeon (Sprint III: "The Ten Rune Challenge").
             The game lasted 00:01:13 (283 turns).

sircluck the Grappler (Troll Berserker)              Turns: 283, Time: 00:01:14

Health: -3/100     AC:  6    Str: 28    XL:     6   Next: 10%
Magic:  5/5        EV: 11    Int:  3    God:    Trog [****..]
Gold:   21         SH:  0    Dex:  9    Spells: 5/5 levels left

rFire   . .          .
                       - Unarmed
rCold   + . .        (no shield)
rNeg    . . .        n - +2 robe {rC+}
rPois   .            (helmet restricted)
rElec   .            (no cloak)
rCorr   .            (gloves unavailable)
SInv    .            (boots unavailable)
Will    .....        (no amulet) Stlth
                     (no ring)
HPRegen 1.16/turn    (no ring)
MPRegen 0.09/turn

%: no teleportation
@: berserking, on fire, glowing, very quick
A: large, unfitting armour, claws 3, regeneration 1, shaggy fur 1, tough skin 1
a: Renounce Religion, Berserk, Trog's Hand, Brothers in Arms


You were in the Dungeon.
You worshipped Trog.
Trog was greatly pleased with you.
You visited 1 branch You collected 21 gold pieces.

Inventory:

Armour
 a - a +0 animal skin
 n - a +2 robe of cold resistance (worn)
Wands
 m - a wand of charming (13)
Scrolls
 g - a scroll of blinking
 h - a scroll of poison {unknown}
 i - 2 scrolls of identify {unknown}
 k - a scroll of torment {unknown}
Potions
 b - a potion of curing
 c - a potion of heal wounds
 d - a potion of haste
 e - 2 potions of magic
 f - 3 potions of berserk rage
 j - a potion of invisibility {unknown}
 l - a potion of flight {unknown}


   Skills:
 + Level 6.1 Fighting
 + Level 6.3 Dodging
 + Level 8.9 Unarmed Combat


You had 5 spell levels left.
You didn't know any spells.
Your spell library was empty.

Dungeon Overview and Level Annotations

Branches:
Dungeon (1/1)

Altars:
Dithmenos
Elyvilon
Kikubaaqudgha
Ru
Sif Muna
Vehumet
Yredelemnul
Zin
The Shining One


Innate Abilities, Weirdness & Mutations

You are too large for most types of armour.
You have claws for hands.
Your natural rate of healing is unusually fast.
You are covered in fur. (AC +1)
You have tough skin. (AC +1)


Message History

There is an open door here.
There is a fountain of clear blue water here.
There is a fountain of clear blue water here.
As you open the door, it creaks loudly!
You hear a shout!
Found three altars.
A deep elf pyromancer comes into view.
It is wielding a +1 long sword of holy wrath.
The deep elf pyromancer shouts!
You close the door.
A deep elf pyromancer opens the door.
The deep elf pyromancer hits you with a +1 long sword of holy wrath.
There is an open door here.
You scratch the deep elf pyromancer.
The deep elf pyromancer is lightly wounded.
The deep elf pyromancer gestures wildly while chanting.
The deep elf pyromancer blinks!
The deep elf pyromancer points at you and mumbles some strange words.
The bolt of fire hits you!!
Ouch! That really hurt!
You closely miss the deep elf pyromancer.
The deep elf pyromancer is lightly wounded.
The deep elf pyromancer mumbles some strange words.
You claw the deep elf pyromancer!
The deep elf pyromancer is heavily wounded.
The fire elemental hits you. The fire elemental burns you!
* * * LOW HITPOINT WARNING * * *
A red film seems to cover your vision as you go berserk!
You feel yourself moving faster!
You feel mighty!
The deep elf pyromancer casts a spell at you.
The sticky flame hits you.
You are covered in liquid flames!
* * * LOW HITPOINT WARNING * * *
The fire elemental hits you. The fire elemental burns you!
* * * LOW HITPOINT WARNING * * *
You closely miss the deep elf pyromancer.
The deep elf pyromancer is heavily wounded.
You are covered in liquid flames!
* * * LOW HITPOINT WARNING * * *
The deep elf pyromancer hits you with a +1 long sword of holy wrath.
* * * LOW HITPOINT WARNING * * *
The fire elemental hits you. The fire elemental burns you!
You die...

▓▓▓▓ ▓▓▓ [..#### ##.#####
#### ......#####..#___#
#__# ....†..#!!#..#...#
#._#
#.##...#..#..###'#+###)##
#.###†.##'#..#.E@.......#
##.##..###...'.⌠e)......#
..##.)####...#...######+#
..##..###....#.⌠.#
.##...##.....#...#
##....#......#'###
##..##.#..†..#)::#
#..#####....#___# ▓▓▓▓
▓▓▓▓▓▓▓▓▓▓


You could see a deep elf pyromancer and a fire elemental (summoned).

Vanquished Creatures
  A water elemental (D)
  A necrophage (D)
  A scorpion (D)
  Jessica (D)
  A wizard (D)
  A necromancer (D)
  A human (D)
  A kobold demonologist (D)
  3 rats (D)
11 creatures vanquished.

Notes
Turn   | Place    | Note
-------+----------+-------------------------------------------
     0 | D        | sircluck the Troll Berserker began the quest for the Orb.
     0 | D        | Reached XP level 1. HP: 22/22 MP: 0/0
    32 | D        | Reached ** piety under Trog
    34 | D        | Noticed Jessica
    38 | D        | Killed Jessica
    39 | D        | Reached skill level 4 in Unarmed Combat
    39 | D        | Reached XP level 2. HP: 6/32 MP: 1/1
    87 | D        | Reached skill level 5 in Unarmed Combat
    87 | D        | Reached XP level 3. HP: 39/39 MP: 2/2
    95 | D        | Noticed a scorpion
   100 | D        | Killed a scorpion
   100 | D        | Reached *** piety under Trog
   101 | D        | Reached skill level 6 in Unarmed Combat
   101 | D        | Reached XP level 4. HP: 46/49 MP: 3/3
   109 | D        | Noticed a water elemental
   133 | D        | Killed a water elemental
   134 | D        | Reached skill level 5 in Fighting
   134 | D        | Reached skill level 5 in Dodging
   134 | D        | Reached skill level 7 in Unarmed Combat
   134 | D        | Reached XP level 5. HP: 57/57 MP: 4/4
   187 | D        | Found a basalt altar of Yredelemnul.
   187 | D        | Found a shadowy altar of Dithmenos.
   187 | D        | Found a sacrificial altar of Ru.
   196 | D        | Reached skill level 8 in Unarmed Combat
   215 | D        | Found a radiant altar of Vehumet.
   215 | D        | Found a shimmering blue altar of Sif Muna.
   215 | D        | Found an ancient bone altar of Kikubaaqudgha.
   218 | D        | Reached **** piety under Trog
   239 | D        | Reached XP level 6. HP: 62/67 MP: 5/5
   274 | D        | Found a glowing silver altar of Zin.
   274 | D        | Found a glowing golden altar of the Shining One.
   274 | D        | Found a white marble altar of Elyvilon.
   275 | D        | Noticed a deep elf pyromancer
   281 | D        | Noticed a fire elemental
   283 | D        | Slain by a fire elemental

Illustrated notes

Levels and vault maps discovered:
D:        dungeon_sprint_mu [sprint_mu_entry_cave, sprint_mu_temple_rooms,
          sprint_mu_d1_spiders, sprint_mu_d2_genie, sprint_mu_d3_branching,
          sprint_mu_orc_legion, sprint_mu_elf_gauntlet, sprint_mu_hive_nellie,
          sprint_mu_lair_fedhas, sprint_mu_vaults_butterflies,
          sprint_mu_slime_circle, sprint_mu_shoals_kraken,
          sprint_mu_snake_twists, sprint_mu_blade_basic,
          sprint_mu_crypt_chambers, sprint_mu_tomb_spiral,
          sprint_mu_vestibule_basic, sprint_mu_gehenna_hellfire,
          sprint_mu_dis_giant, sprint_mu_tartarus_statrot,
          sprint_mu_cocytus_islands, sprint_mu_zot1]

Skill      XL: |  1  2  3  4  5 |
---------------+----------------+-----
Fighting       | 3 4 5 6 |  6.1
Dodging        | 3 4 5 6 |  6.3
Unarmed Combat | 4 5 6 7 8 |  8.9

Action                     |  1- 3 |  4- 6 || total
---------------------------+-------+-------++-------
  Melee: Unarmed           |    20 |    26 ||    46
 Invoke: Berserk           |       |     2 ||     2
 Armour: Animal skin       |     4 |     1 ||     5
         Robe              |       |     3 ||     3
  Dodge: Dodged            |    10 |     7 ||    17

Table legend: (Time is in decaauts)
 A = Elapsed time spent in this place.
 B = Non-inter-level travel time spent in this place.
 C = Inter-level travel time spent in this place.
 D = Time resting spent in this place.
 E = Time spent auto-exploring this place.
 F = Levels seen in this place.
 G = Mean time per level.
                   A        B        C        D        E       F      G
               +--------+--------+--------+--------+--------+-----+--------+
         Total |    289 |    289 |      0 |     52 |     68 |   1 |  289.0 |
       Dungeon |    289 |    289 |      0 |     52 |     68 |   1 |  289.0 |
               +--------+--------+--------+--------+--------+-----+--------+

Top non-repeatable levels by time:
       D: 289 daAuts
